 Dungeon Crawl Stone Soup version 0.30-a0-830-gfe289a77b0 (webtiles) character file.

Game seed: 7727069138455078508

7485 jasper the Fighter (level 10, 0/85 HPs)
             Began as a Demonspawn Cinder Acolyte on Feb 28, 2023.
             Was a Priest of Ignis.
             Slain by a troll (4 damage)
             ... on level 10 of the Dungeon.
             The game lasted 00:29:30 (11235 turns).

jasper the Fighter (Demonspawn Cinder Acolyte)     Turns: 11235, Time: 00:29:31

Health: 0/85       AC: 19    Str: 18    XL:     10   Next: 94%
Magic:  11/11      EV:  7    Int: 15    God:    Ignis [***...]
Gold:   654        SH:  0    Dex: 10    Spells: 11/11 levels left

rFire   + + .      SeeInvis .    w - +2 dagger (venom)
rCold   + . .      Faith    .    (no shield)
rNeg    . . .      Spirit   .    C - +0 chain mail {rC+}
rPois   .          Reflect  .    (helmet restricted)
rElec   .          Harm     .    B - +2 cloak {Will+}
rCorr   +          Rampage  .    f - +1 pair of gloves
Will    +....                    (no boots) Stlth
                                 (no amulet)
HPRegen 0.34/turn                t - ring of resist corrosion
MPRegen 0.12/turn                z - ring of protection from fire

@: no status effects
A: antennae 2, thin metallic scales 1, demonic guardian 1, powered by death 2
a: Renounce Religion, Fiery Armour, Foxfire Swarm, Rising Flame


You were on level 10 of the Dungeon.
You worshipped Ignis.
Ignis was most pleased with you.
You visited 1 branch of the dungeon, and saw 10 of its levels.
You also visited: Ossuary.

You collected 654 gold pieces.

Inventory:

Hand Weapons
 a - a -1 hand axe of flaming
 n - a +1 whip of electrocution
 o - a +0 quarterstaff of venom
 w - a +2 dagger of venom (weapon)
 A - a +4 quarterstaff of chaos
 J - a +0 battleaxe
 L - a +0 war axe
 T - a +2 trident of venom
Missiles
 c - 39 stones (quivered)
 r - 12 poisoned darts
 D - 2 javelins
Armour
 b - a +0 robe
 f - a +1 pair of gloves (worn)
 j - a +0 ring mail
 p - a +0 chain mail
 y - a +0 scale mail
 B - a +2 cloak of willpower (worn)
 C - a +0 chain mail of cold resistance (worn)
 H - an orb of wrath
 R - +0 acid dragon scales
Jewellery
 t - a ring of resist corrosion (left hand)
 z - a ring of protection from fire (right hand)
 M - a ring of wizardry
 O - a ring of willpower
 P - an amulet of faith
Wands
 d - a wand of polymorph (7)
 E - a wand of roots (11)
Scrolls
 s - a scroll of fog
 u - a scroll of vulnerability
 v - a scroll of silence
 F - 2 scrolls of poison
 I - 4 scrolls of enchant weapon
 K - 2 scrolls of identify
 N - a scroll of magic mapping
 S - a scroll of torment
Potions
 e - a potion of magic
 g - a potion of cancellation {unknown}
 h - a potion of heal wounds
 i - 3 potions of flight {unknown}
 k - 3 potions of lignification
 l - 4 potions of curing
 m - 3 potions of mutation {unknown}
 q - 2 potions of haste {unknown}
 x - a potion of ambrosia {unknown}
 G - 2 potions of attraction
Miscellaneous
 Q - a phantom mirror (inert)


   Skills:
 - Level 10.0 Fighting
 + Level 4.9 Axes
 - Level 7.0 Throwing
 - Level 10.0 Armour
 - Level 1.0 Spellcasting
 - Level 2.6 Fire Magic


You had 11 spell levels left.
You didn't know any spells.
Your spell library contained the following spells:

 Spells                   Type           Power      Damage    Failure   Level
 Scorch                   Fire           16%        2d6       71%         2
 Kiss of Death            Conj/Necr      0%         2d5       91%         1
 Lesser Beckoning         Tloc           0%         N/A       97%         2
 Confusing Touch          Hex            0%         N/A       99%         3
 Gell's Gravitas          Tloc           0%         N/A       99%         3
 Ozocubu's Armour         Ice            0%         N/A       99%         3
 Teleport Other           Tloc           0%         N/A       99%         3
 Dispel Undead            Necr           0%         3d6       100%        4
 Metabolic Englaciation   Hex/Ice        0%         N/A       100%        5
 Summon Forest            Summ/Tloc      0%         N/A       100%        5
 Summon Mana Viper        Hex/Summ       0%         N/A       100%        5
 Simulacrum               Ice/Necr       0%         N/A       100%        6
 Summon Cactus Giant      Summ           0%         N/A       100%        6


Dungeon Overview and Level Annotations

Branches:
Dungeon (10/15)            Temple (0/1) D:5         Ossuary (visited)
   Lair: D:8-11         Orc: D:9-12

Altars:
Ashenzari
Cheibriados
Dithmenos
Fedhas
Hepliaklqana
Okawaru
Ru
Sif Muna
Uskayaw
Vehumet
Wu Jian
Yredelemnul

Shops:
D:1 *

Annotations:
D:8 1 runed translucent door, tgirl's ghost, novice DrTm


Innate Abilities, Weirdness & Mutations

You have a pair of antennae on your head.
You are partially covered in thin metallic scales. (AC +2)
A weak demonic guardian rushes to your aid.
You regenerate health from kills.


Message History

The troll is severely wounded.
The troll bites you but does no damage. The troll claws you.
The troll completely misses you.
You take 3 damage, and have 51/85 hp.
You hit the troll but do no damage.
The troll is severely wounded.
The troll closely misses you.
The troll claws you but does no damage. x2
You hit the troll.
The troll looks as sick as possible!
The troll is almost dead.
The troll bites you but does no damage. The troll claws you but does no damage.
The troll claws you.
You take 5 damage, and have 47/85 hp.
You hit the troll.
You kill the troll!
You hit the troll.
The troll is poisoned.
The troll is lightly wounded.
The troll bites you but does no damage. The troll claws you.
The troll claws you but does no damage.
You take 4 damage, and have 43/85 hp.
You barely miss the troll.
The troll is lightly wounded.
The troll bites you! The troll closely misses you.
The troll claws you but does no damage.
You take 8 damage, and have 35/85 hp.
You completely miss the troll.
The troll is lightly wounded.
The troll bites you!
* * * LOW HITPOINT WARNING * * *
The troll claws you but does no damage. x2
You take 13 damage, and have 22/85 hp.
You hit the troll.
The troll looks as sick as possible!
The troll is lightly wounded.
The troll bites you!
* * * LOW HITPOINT WARNING * * *
A demonic guardian appears!
The troll claws you but does no damage. x2
You take 11 damage, and have 11/85 hp.
The troll attacks as you move away! The troll bites you!
* * * LOW HITPOINT WARNING * * *
The troll claws you but does no damage. The troll claws you.
You die...

#.# #..# #...... ###.#
#..######...... ...#
#...........<.. #..#
#.............. #..#
#.............. #..#
#.............. .
#..###..............
≈~~.#####..5............#...
(.........T@................
############################


You could see a troll (extremely poisoned, ally target) and a friendly quasit
(summoned).

Vanquished Creatures
  A two-headed ogre (D:9)
  Pikel (D:6)
  A manticore (D:10)
  A troll (D:10)
  3 wyverns
  2 wraiths
  7 yaks
  Eustachio (D:4)
  2 steam dragons
  2 water moccasins
  2 sky beasts
  2 orc warriors (D:7)
  2 black bears
  A wolf (D:10)
  3 centaurs
  A lemure (D:6)
  2 phantoms (D:5)
  A kobold brigand (D:6)
  3 elf zombies
  A bullfrog (D:7)
  2 necrophages
  3 scorpions
  2 elf skeletons (D:7)
  8 killer bees
  A jelly (D:6)
  4 hounds
  2 centaur zombies (Ossuary)
  A gnoll bouda (D:5)
  Crazy Yiuf (D:5)
  4 orc priests
  2 human zombies
  5 iguanas
  8 orc wizards
  2 mummies (Ossuary)
  8 gnolls
  7 adders
  A shadow imp (D:5)
  A white imp (D:7)
  An adder zombie (Ossuary)
  A worm (D:2)
  A dart slug (D:5)
  36 orcs
  10 endoplasms
  2 giant cockroaches (D:1)
  11 goblins
  4 hobgoblins
  6 jackals
  10 kobolds
  6 quokkas
  6 ball pythons
  8 bats
  A frilled lizard (D:1)
  A goblin zombie (Ossuary)
  7 hobgoblin zombies (Ossuary)
  A jackal zombie (Ossuary)
  10 kobold zombies (Ossuary)
  2 orc skeletons (D:7)
  10 orc zombies (Ossuary)
  2 rats
  2 rat zombies (Ossuary)
  A spectral orc (D:8)
240 creatures vanquished.

Vanquished Creatures (collateral kills)
  2 acid dragons
  A wolf (D:10)
  A necrophage (D:6)
  An orc priest (D:7)
  An orc (D:6)
6 creatures vanquished.

Vanquished Creatures (others)
  A troll (D:10)
  A kobold (D:10)
  64 foxfires
  2 withered plants (D:8)
68 creatures vanquished.

Grand Total: 314 creatures vanquished

Notes
Turn   | Place    | Note
-------+----------+-------------------------------------------
     0 | D:1      | jasper the Demonspawn Cinder Acolyte began the quest for
                  | the Orb.
     0 | D:1      | Reached XP level 1. HP: 18/18 MP: 2/2
   110 | D:1      | Gained mutation: You have a pair of small antennae on your
                  | head. [demonic ancestry]
   110 | D:1      | Reached XP level 2. HP: 24/24 MP: 3/3
   359 | D:1      | Found Apeucw's Assorted Antiques.
  1022 | D:2      | Reached XP level 3. HP: 29/29 MP: 4/4
  1116 | D:2      | Found a sacrificial altar of Ru.
  1235 | D:2      | Reached skill level 1 in Armour
  1691 | D:2      | Reached XP level 4. HP: 35/35 MP: 5/5
  2240 | D:3      | Found a blossoming altar of Fedhas.
  2967 | D:3      | Reached skill level 1 in Throwing
  3027 | D:3      | Found a hide-covered altar of Uskayaw.
  3027 | D:3      | Found a hazy altar of Hepliaklqana.
  3129 | D:4      | Noticed Eustachio
  3279 | D:4      | Found a broken altar of Ashenzari.
  3279 | D:4      | Noticed a scorpion
  3387 | D:5      | Entered Level 5 of the Dungeon
  3428 | D:5      | Gained mutation: You regenerate a little health from kills.
                  | [demonic ancestry]
  3428 | D:5      | Reached XP level 5. HP: 27/41 MP: 6/6
  3752 | D:5      | Gained mutation: A weak demonic guardian rushes to your
                  | aid. [demonic ancestry]
  3752 | D:5      | Reached XP level 6. HP: 40/48 MP: 7/7
  3994 | D:5      | Reached XP level 7. HP: 11/55 MP: 8/8
  4491 | D:5      | Found a staircase to the Ecumenical Temple.
  4547 | D:5      | Found a runed translucent door.
  4548 | D:5      | Noticed Crazy Yiuf
  4742 | D:5      | Killed Crazy Yiuf
  4995 | D:6      | Found a radiant altar of Vehumet.
  5242 | D:6      | Reached skill level 5 in Fighting
  5262 | D:6      | Reached skill level 5 in Throwing
  5418 | D:6      | Gained mutation: You regenerate health from kills. [demonic
                  | ancestry]
  5418 | D:6      | Reached XP level 8. HP: 59/62 MP: 9/9
  5431 | D:6      | Noticed Pikel
  5459 | D:6      | Killed Pikel
  5750 | D:6      | Found a shimmering blue altar of Sif Muna.
  5916 | D:6      | Reached skill level 5 in Armour
  6082 | D:7      | Found a sand-covered staircase.
  6096 | Ossuary  | Entered an ossuary
  6326 | Ossuary  | Gained mutation: You have a pair of antennae on your head.
                  | [demonic ancestry]
  6326 | Ossuary  | Reached XP level 9. HP: 71/71 MP: 10/10
  7588 | D:7      | Found a snail-covered altar of Cheibriados.
  7816 | D:8      | Noticed tgirl's ghost (novice DrTm)
  7816 | D:8      | Found a runed translucent door.
  7929 | D:8      | Found a shadowy altar of Dithmenos.
  8088 | D:8      | Gained mutation: You are partially covered in thin metallic
                  | scales. (AC +2) [demonic ancestry]
  8088 | D:8      | Reached XP level 10. HP: 21/82 MP: 11/11
  8268 | D:8      | Noticed a boulder beetle
  8681 | D:8      | Found a basalt altar of Yredelemnul.
  9371 | D:9      | Found a sacrificial altar of Ru.
  9374 | D:9      | Noticed a two-headed ogre
  9389 | D:9      | Killed a two-headed ogre
  9473 | D:9      | Reached skill level 10 in Fighting
  9827 | D:4      | Found an ornate altar of the Wu Jian Council.
  9960 | D:4      | Killed Eustachio
 10174 | D:4      | Found an iron altar of Okawaru.
 10574 | D:10     | Entered Level 10 of the Dungeon
 10600 | D:9      | Noticed a green ugly thing
 11116 | D:10     | Noticed a manticore
 11135 | D:10     | Killed a manticore
 11136 | D:10     | Reached skill level 10 in Armour
 11235 | D:10     | HP: 4/85 [troll (7)]
 11235 | D:10     | Slain by a troll

Illustrated notes

Levels and vault maps discovered:
D:1:      heliophobic_arrival_glass_houses, layout_loops_corners, serial_shops,
          shop, minmay_tiny_reverse_x
D:2:      layout_basic, basic_altar, wad_floor_pattern_untrapped
D:3:      layout_loops_ring, mainiacjoe_overflow_small_starburst,
          gammafunk_temple_overflow_wave, grunt_ministairs_1
D:4:      layout_basic, ashenzari_conservatory_becter,
          okawaru_metal_pillars_1_2, marbit_many_paths, uniq_eustachio
D:5:      layout_cave_pools, minmay_temple_entry_slanted,
          uniq_crazy_yiuf_cottage
D:6:      layout_gridville, fiery_altar_vehumet, tgw_sif, uniq_pikel
D:7:      layout_cave_pods, lemuel_doored_altar, nicolae_ossuary_entry_catacombs
D:8:      layout_gridville, grunt_dithmenos_smoke_and_mirrors,
          yredelemnul_forgotten_temple_becter, gammafunk_ghost_grave,
          minmay_door_square
D:9:      lemuel_ice_spiral_2, layout_basic, grunt_gozag_breadcrumbs,
          amcnicky_altar_gilded
D:10:     layout_stronghold, xom_confusion_cloud, erik_lair_island,
          serial_shops, shop

Skill      XL: |  1  2  3  4  5  6  7  8  9 10 |
---------------+-------------------------------+-----
Axes           | 3 4 |  4.9
Armour         | 1 2 3 5 7 10 | 10.0
Throwing       | 1 2 3 5 6 7 |  7.0
Fighting       | 4 5 6 8 10 | 10.0
Spellcasting   | |  1.0
Fire Magic     | |  2.6

Action                     |  1- 3 |  4- 6 |  7- 9 | 10-12 || total
---------------------------+-------+-------+-------+-------++-------
  Melee: Hand axe          |   104 |    46 |       |       ||   150
         Dagger            |       |   132 |   302 |   238 ||   672
         Whip              |       |    57 |   281 |   104 ||   442
         Punch             |       |     1 |     6 |     5 ||    12
  Throw: Stone             |    17 |    21 |     4 |     2 ||    44
         Dart              |       |    12 |    11 |     9 ||    32
         Javelin           |       |       |       |     4 ||     4
 Invoke: Foxfire Swarm     |       |     1 |     4 |       ||     5
  Evoke: Phantom mirror    |       |       |       |     1 ||     1
    Use: Scroll            |     3 |     4 |     4 |     5 ||    16
         Potion            |       |       |     2 |     2 ||     4
   Stab: Distracted        |       |       |       |     1 ||     1
 Armour: Robe              |    11 |       |       |       ||    11
         Ring mail         |    53 |    87 |    14 |       ||   154
         Scale mail        |       |       |    40 |       ||    40
         Chain mail        |       |       |   339 |   302 ||   641
  Dodge: Dodged            |    66 |   122 |   202 |   156 ||   546

Table legend: (Time is in decaauts)
 A = Elapsed time spent in this place.
 B = Non-inter-level travel time spent in this place.
 C = Inter-level travel time spent in this place.
 D = Time resting spent in this place.
 E = Time spent auto-exploring this place.
 F = Levels seen in this place.
 G = Mean time per level.
                   A        B        C        D        E       F      G
               +--------+--------+--------+--------+--------+-----+--------+
         Total |  11252 |  10632 |    620 |   1584 |   6110 |  11 | 1022.9 |
       Dungeon |  10821 |  10201 |    620 |   1484 |   6046 |  10 | 1082.1 |
       Ossuary |    430 |    430 |      0 |    100 |     64 |   1 |  430.0 |
               +--------+--------+--------+--------+--------+-----+--------+

Top non-repeatable levels by time:
     D:7: 1473 daAuts
     D:5: 1434 daAuts
     D:8: 1342 daAuts
     D:3: 1240 daAuts
     D:4: 1096 daAuts
     D:2: 1030 daAuts
     D:1: 1010 daAuts
     D:6: 958 daAuts
     D:9: 662 daAuts
    D:10: 572 daAuts
 Ossuary: 430 daAuts
